Map: Orbital Shipyard

Players

Javert - Winner!

  • Race: Zerg Zerg
  • League: Grandmaster

BinMeSaLvYon

  • Race: Protoss Protoss
  • League: Grandmaster

VOD

Have the link to the VOD?

Description

Time

  • Played on: June 21, 2015, 11:13 p.m.
  • Length: 10:33
Show
View Real Time Build Order
Export as new Build Order

Javert Zerg - Winner!

Build Orders: Hatch First 

Get SALT Encoding   

  12  0:01  Drone  
  13  0:14  Overlord  
  13  0:19  Drone  
  14  0:32  Drone x2  
  16  0:36  Drone  
  17  0:53  Hatchery  
  16  0:57  Drone  
  16  0:58  Drone  
  16  1:03  Extractor  
  17  1:08  Drone  
  18  1:21  Spawning Pool  
  18  1:23  Drone  
  18  1:33  Drone  
  19  1:44  Drone  
  20  1:51  Drone  
  21  2:08  Metabolic Boost, Queen  
  21  2:10  Overlord  
  21  2:15  Zergling x4  
  25  2:30  Zergling x6  
  25  2:34  Queen  
  30  2:37  Drone  
  31  2:49  Drone x2  
  31  2:50  Drone  
  34  2:57  Drone  
  35  3:00  Overlord  
  35  3:07  Drone  
  36  3:18  Queen  
  37  3:26  Zergling x12  
  43  3:37  Drone  
  41  3:52  Drone  
  41  3:53  Drone, Overlord  
  42  4:06  Drone x2  
  44  4:11  Hatchery  
  44  4:13  Drone x3  
  44  4:14  Drone x4  
  48  4:26  Drone x2  
  49  4:32  Drone x3  
  49  4:35  Extractor  
  49  4:36  Extractor  
  49  4:46  Lair  
  49  4:49  Extractor  
  49  4:51  Evolution Chamber  
  49  4:52  Evolution Chamber  
  46  4:54  Roach Warren  
  45  5:05  Overlord  
  45  5:16  Spore Crawler  
  40  5:27  Spore Crawler  
  40  5:28  Drone x14  
  51  5:30  Zerg Missile Weapons Level 1, Zerg Ground Armor Level 1  
  51  5:55  Glial Reconstitution  
  51  5:58  Hydralisk Den  
  51  5:59  Roach  
  51  6:00  Roach x6  
  64  6:05  Drone  
  64  6:10  Overlord x2  
  61  6:28  Spore Crawler  
  60  6:36  Roach x9  
  60  6:37  Roach  
  78  6:44  Roach  
  78  6:45  Roach x2  
  76  6:59  Roach x3  
  76  7:12  Overlord  
  76  7:18  Hydralisk x2  
  76  7:21  Overlord  
  76  7:22  Overlord  
  80  7:28  Overlord x2  
  80  7:29  Zerg Missile Weapons Level 2  
  79  7:32  Burrow  
  79  7:40  Zerg Ground Armor Level 2  
  79  7:43  Overseer  
  79  7:59  Hydralisk  
  79  8:00  Hydralisk x5  
  79  8:04  Muscular Augments  
  91  8:08  Drone x2  
  93  8:13  Overseer  
  93  8:15  Drone  
  93  8:16  Drone x2  
  96  8:21  Drone x3  
  95  8:46  Hydralisk x7  
  103  9:04  Roach x12  
  103  9:11  Hydralisk  
  103  9:14  Overlord x2  
  105  9:25  Overlord  
  105  9:27  Ravager  
  105  9:28  Ravager x4  
  105  9:30  Roach  
  105  9:31  Roach  
  114  9:32  Overlord  
  114  9:33  Overlord  
  114  9:34  Drone  
  114  9:35  Drone x5  
  103  9:59  Drone  
  103  10:00  Drone x9  
  103  10:15  Extractor  
  103  10:16  Extractor  
  103  10:17  Drone x5  
  103  10:18  Drone x2  
  103  10:28  Hatchery  
Show
View Real Time Build Order
Export as new Build Order

BinMeSaLvYon Protoss 

Build Orders:  

Get SALT Encoding   

  12  0:08  Pylon  
  12  0:13  Probe  
  13  0:25  Probe  
  14  0:35  Gateway  
  14  0:37  Probe  
  15  0:42  Assimilator  
  15  0:49  Probe  
  16  1:04  Probe (Chrono Boost)  
  17  1:15  Probe (Chrono Boost)  
  18  1:28  Probe  
  19  1:32  Cybernetics Core  
  19  1:34  Pylon  
  19  1:40  Probe  
  19  1:45  Assimilator  
  20  1:56  Probe  
  20  2:00  Nexus  
  21  2:13  Mothership Core (Chrono Boost)  
  25  2:15  Adept  
  25  2:18  Warp Gate (Chrono Boost)  
  25  2:27  Probe (Chrono Boost)  
  26  2:39  Probe, Pylon  
  26  2:44  Adept  
  29  2:51  Probe  
  30  2:59  Pylon  
  30  3:03  Probe  
  31  3:12  Gateway  
  31  3:15  Probe  
  32  3:21  Stargate  
  32  3:24  Pylon  
  32  3:28  Probe (Chrono Boost)  
  32  3:29  Probe (Chrono Boost)  
  34  3:34  Adept  
  34  3:52  Gateway  
  34  4:06  Oracle (Chrono Boost)  
  37  4:11  Probe x2  
  35  4:21  Adept  
  35  4:22  Adept  
  35  4:51  Gateway, Probe x2 (Chrono Boost)  
  37  4:52  Gateway  
  37  4:57  Assimilator  
  37  4:58  Adept x2, Pylon  
  42  5:01  Probe (Chrono Boost)  
  42  5:02  Adept  
  44  5:25  Oracle  
  47  5:30  Adept x3  
  47  5:31  Probe  
  47  5:32  Probe  
  47  5:34  Assimilator  
  53  5:44  Probe x2  
  55  5:52  Pylon  
  55  6:05  Adept  
  55  6:09  Adept x2  
  52  6:48  Adept  
  52  6:49  Adept x3  
  52  6:50  Stalker  
  56  7:15  Void Ray  
  56  7:28  Probe (Chrono Boost)  
  56  7:29  Probe (Chrono Boost)  
  58  7:31  Stalker  
  58  7:32  Stalker x3  
  58  7:33  Stalker  
  68  7:38  Probe (Chrono Boost)  
  68  7:40  Twilight Council  
  69  7:45  Pylon  
  69  8:01  Void Ray (Chrono Boost)  
  73  8:06  Stalker x3  
  73  8:07  Stalker  
  73  8:08  Stalker  
  83  8:17  Probe x2  
  85  8:28  Blink (Chrono Boost)  
  67  9:03  Stalker x2  
  67  9:04  Stalker x2  
  67  9:05  Adept  
  67  9:08  Probe x2  
  67  9:09  Void Ray  
  83  9:23  Nexus  
  83  9:25  Gateway  
  83  9:26  Gateway, Adept  
  83  9:27  Adept x2  
  83  9:29  Adept  
  91  9:39  Pylon  
  91  9:41  Probe  
  91  9:44  Probe  
Tags
 
Add a new tag
Caveats
  • Supply blocks, unpowered buildings, or Contaminate may cause inaccurate times.
  • Supply counts are checked every 10 seconds.